 Dungeon Crawl Stone Soup version 0.21.0-24-g2553a33 (webtiles) character file.

44 reaverb the Cudgeler (level 3, 0/19 HPs)
             Began as a Vine Stalker Chaos Knight on Jan 21, 2018.
             Was an Initiate of Nemelex Xobeh.
             Slain by Terence
             ... wielding a +4 flail of protection
              (4 damage)
             ... on level 2 of the Dungeon.
             The game lasted 00:05:38 (1638 turns).

reaverb the Cudgeler (Vine Stalker Chaos Knight)    Turns: 1638, Time: 00:05:39

Health: 0/19       AC:  5    Str: 14    XL:     3   Next: 60%
Magic:  0/4        EV: 11    Int: 12    God:    Nemelex Xobeh [......]
Gold:   94         SH:  0    Dex: 14    Spells: 2/2 levels left

rFire    . . .     SeeInvis .   j - +0 whip
rCold    . . .     Gourm    .   (no shield)
rNeg     . . .     Faith    .   b - +2 leather armour
rPois    .         Spirit   +   (no helmet)
rElec    .         Reflect  .   (no cloak)
rCorr    .         Harm     .   (no gloves)
MR       .....                  (no boots)
Stlth    +.........             (no amulet)
HPRegen  0.06/turn              (no ring)
MPRegen  0.09/turn              (no ring)

@: no status effects
A: fangs 2, magic shield, antimagic bite, no potion heal 3, rot immunity
a: Renounce Religion


You were on level 2 of the Dungeon.
You worshipped Nemelex Xobeh.
Nemelex Xobeh was noncommittal.
You were not hungry.

You visited 1 branch of the dungeon, and saw 3 of its levels.

You collected 94 gold pieces.

Notes
Turn   | Place    | Note
-------+----------+-------------------------------------------
     0 | D:1      | reaverb the Vine Stalker Chaos Knight began the quest for the Orb.
     0 | D:1      | Reached XP level 1. HP: 11/11 MP: 2/2
    28 | D:1      | XOM: potion effect (haste)
    45 | D:1      | Reached skill level 3 in Maces & Flails
    99 | D:1      | XOM: harmless Necr miscast
   141 | D:1      | Fell from the grace of Xom
   225 | D:1      | Reached XP level 2. HP: 13/16 MP: 1/3
   668 | D:2      | Huge Dmg: 4 Dmg
   702 | D:2      | XOM: 2-stop teleportation journey
   726 | D:2      | Huge Dmg: 4 Dmg
   728 | D:2      | Reached XP level 3. HP: 10/19 MP: 1/4
   743 | D:2      | Huge Dmg: 3 Dmg
   971 | D:2      | You fall through a shaft!
   980 | D:3      | Reached skill level 4 in Maces & Flails
   996 | D:2      | Found a sparkling altar of Nemelex Xobeh.
  1004 | D:2      | Became a worshipper of Nemelex Xobeh the Trickster
  1102 | D:2      | Huge Dmg: 9 Dmg
  1269 | D:1      | Huge Dmg: 7 Dmg
  1552 | D:2      | Found a stormy altar of Qazlal.
  1621 | D:2      | Noticed Terence
  1631 | D:2      | Huge Dmg: 4 Dmg
  1633 | D:2      | Huge Dmg: 5 Dmg
  1638 | D:2      | Slain by Terence

Inventory:

Hand Weapons
 a - a +0 mace of chaos
 j - a +0 whip (weapon)
Armour
 b - a +2 leather armour (worn)
Jewellery
 d - an uncursed ring of stealth {unknown}
Scrolls
 f - 4 scrolls of identify {unknown}
 g - 2 scrolls of remove curse {unknown}
 h - a scroll of enchant weapon {unknown}
 i - a scroll of amnesia {unknown}
 l - a scroll of teleportation {unknown}
 m - a scroll of fog {unknown}
Potions
 e - a potion of heal wounds {unknown}
Comestibles
 c - 6 rations
 k - 7 chunks of flesh {@w0}

Table legend:
 A = Turns spent in this place as a percentage of turns spent in the entire game.
 B = Non-inter-level travel turns spent in this place as a percentage of non-inter-level travel turns spent in the entire game.
 C = Inter-level travel turns spent in this place as a percentage of turns spent in this place.
 D = Turns resting spent in this place as a percentage of non-inter-level travel turns spent in this place.
 E = Turns spent auto-exploring this place as a percentage of non-inter-level travel turns spent in this place.
 F = Non-inter-level travel turns spent in this place divided by the number of levels of this place that you've seen.
                   A       B       C       D       E      F
               +-------+-------+-------+-------+-------+----------------------
         Total | 100.0 | 100.0 |   2.1 |  45.3 |  28.7 | 534.7
       Dungeon | 100.0 | 100.0 |   2.1 |  45.3 |  28.7 | 534.7
               +-------+-------+-------+-------+-------+----------------------


   Skills:
 - Level 2.6 Fighting
 + Level 4.1 Maces & Flails
 - Level 1.5 Armour
 - Level 0.7 Dodging


You had 2 spell levels left.
You didn't know any spells.

Dungeon Overview and Level Annotations

Branches:
Dungeon (3/15)

Altars:
Nemelex Xobeh
Qazlal

Annotations:
D:1 !worm
D:2 Terence


Innate Abilities, Weirdness & Mutations

You have extremely sharp teeth.
When hurt, damage is shared between your health and your magic reserves.
Your bite disrupts and absorbs the magic of your enemies.
Potions cannot restore your health.
You are immune to rotting.


Message History

Input macro trigger key: a Input macro action:
Okay, then.
Unknown command. (m)acro, (M)acro raw, keymap [(k) default, (x) level-map, (t)argeting, (c)onfirm, m(e)nu], (s)ave?
Input macro trigger key: \{27} Input macro action:
Okay, then.
Unknown command.
Unknown command.
Unknown command. (m)acro, (M)acro raw, keymap [(k) default, (x) level-map, (t)argeting, (c)onfirm, m(e)nu], (s)ave?
Input macro trigger key: \{9} Current Action: ===better_autofight Do you wish to (r)edefine, (c)lear, or (a)bort?
Okay, then.
Unknown command.
Unknown command. (m)acro, (M)acro raw, keymap [(k) default, (x) level-map, (t)argeting, (c)onfirm, m(e)nu], (s)ave?
Input macro trigger key: \{27} Input macro action:
Okay, then.
Unknown command. (m)acro, (M)acro raw, keymap [(k) default, (x) level-map, (t)argeting, (c)onfirm, m(e)nu], (s)ave?
Input macro trigger key: \{27} Input macro action:
Okay, then.
Unknown command.
Unknown command. (m)acro, (M)acro raw, keymap [(k) default, (x) level-map, (t)argeting, (c)onfirm, m(e)nu], (s)ave?
Input macro trigger key: \{27} Input macro action:
Okay, then.
Unknown command. (m)acro, (M)acro raw, keymap [(k) default, (x) level-map, (t)argeting, (c)onfirm, m(e)nu], (s)ave?
Aborting.
Unknown command. (m)acro, (M)acro raw, keymap [(k) default, (x) level-map, (t)argeting, (c)onfirm, m(e)nu], (s)ave?
Input macro trigger key: p Input macro action: ===hit_closest_nomove Created macro 'p' => '===hit_closest_nomove'.
No target in view!
No target in view!
No target in view!
Save game and exit?
Welcome back, reaverb the Vine Stalker Chaos Knight.
Nemelex Xobeh says: It's all in the cards!
Press ? for a list of commands and other information.
Unknown command.
Unknown command.
Unknown command.
m - a scroll labeled YKORGH XYKLABB Terence the Incautious comes into view.
He is wielding a flail of protection.
Terence shouts!
You hit Terence. You bite Terence, but do no damage.
Terence is moderately wounded.
Terence hits you with a flail of protection.
Damage: -10%(-2hp) hp: 90%(17hp)
You hit Terence. You bite Terence, but do no damage.
Terence is heavily wounded.
You hit Terence but do no damage. You bite Terence. You drain his power.
You feel invigorated.
Terence is heavily wounded.
Terence closely misses you.
You barely miss Terence.
Terence is heavily wounded.
Terence hits you with a flail of protection.
Damage: -11%(-2hp) hp: 79%(15hp)
You hit Terence but do no damage.
Terence is heavily wounded.
Terence hits you with a flail of protection.
Damage: -15%(-3hp) hp: 64%(12hp)
You don't know any spells.
Okay, then.
Unknown command.
Okay, then.
Unknown command.
You hit Terence but do no damage. Your bite misses Terence.
Terence is heavily wounded.
You closely miss Terence.
Terence is heavily wounded.
Terence closely misses you.
You barely miss Terence. You bite Terence, but do no damage.
Terence is heavily wounded.
Terence closely misses you.
You hit Terence but do no damage.
Terence is heavily wounded.
Terence hits you with a flail of protection.
* * * LOW HITPOINT WARNING * * *
Huge Dmg: -21%(-4hp) hp: 43%(8hp)
You hit Terence but do no damage. Your bite misses Terence.
Terence is heavily wounded.
You hit Terence but do no damage. Your bite misses Terence.
Terence is heavily wounded.
Terence hits you with a flail of protection.
* * * LOW HITPOINT WARNING * * *
Huge Dmg: -27%(-5hp) hp: 16%(3hp) Terence hits you with a flail of protection.
You die...
Your body disappears without a glow.

#.##.##..#.#
#.......##..
#.......#####
#.##.# # #.## ##.
#.# ... #.# ...
####.#####. .
#.@@.......#
#.###..##.## #.#
##.## ####
#.###...## ..#
#.##.....###.#
#.#.......##.#### #
#....._.........# #
###.......##.##.###
##.....###.##....


You could see Terence.

Table legend:
 A = Kills in this place as a percentage of kills in entire the game.
 B = Kills by you in this place as a percentage of kills by you in the entire game.
 C = Kills by friends in this place as a percentage of kills by friends in the entire game.
 D = Other kills in this place as a percentage of other kills in the entire game.
 E = Experience gained in this place as a percentage of experience gained in the entire game.
 F = Experience gained in this place divided by the number of levels of this place that you have seen.
                   A       B       C       D       E      F
               +-------+-------+-------+-------+-------+----------------------
         Total | 100.0 | 100.0 |   N/A |   N/A | 100.0 |  21.0
       Dungeon | 100.0 | 100.0 |   N/A |   N/A | 100.0 |  21.0
               +-------+-------+-------+-------+-------+----------------------

Vanquished Creatures
  3 adders
  A worm (D:2)
  A dart slug (D:1)
  2 hobgoblins
  A ball python (D:1)
  A bat (D:2)
  4 goblins
  A kobold (D:1)
  A rat (D:1)
15 creatures vanquished.

Action                   || total
-------------------------++-------
Melee: Mace              ||    38
       Bite              ||    18
       Whip              ||    22
Invok: Renounce Religion ||     1
  Eat: Chunk             ||     2
Armor: Leather armour    ||    14
Dodge: Dodged            ||    32
